 Dungeon Crawl Stone Soup version 0.32-a0-711-g016ad74 (webtiles) character file.

Game seed: 1585774614541155220

179944 UnknownHero the Metamorph (level 17, -14/181 HPs)
             Began as a Demigod Shapeshifter on Mar 15, 2024.
             Killed from afar by a salamander tyrant (47 damage)
             ... with a flame surge
             ... on level 4 of the Snake Pit.
             The game lasted 01:38:46 (50349 turns).

UnknownHero the Metamorph (Demigod Shapeshifter)   Turns: 50349, Time: 01:38:46

Health: -14/181    AC: 15    Str: 26    XL:     17   Next: 6%
Magic:  0/20       EV: 27    Int:  7    God:
Gold:   592        SH:  0    Dex: 39    Spells: 8/16 levels left

rFire   . .          .
                       - Unarmed
rCold   + + .        (shield currently unavailable)
rNeg    + . .        a - melded +2 ring mail {rPois}
rPois   +            T - melded +2 helmet
rElec   .            G - melded +0 cloak
rCorr   .            B - melded +0 pair of gloves
SInv    .            E - melded +0 pair of boots
Will    ++...        Q - amulet of guardian spirit
Stlth   +++          k - +6 ring of dexterity
HPRegen 0.50/turn    z - ring of the Augurer {rC++ rN+ Will+ Str+6 Int-5}
MPRegen 0.17/turn

%: guardian spirit
@: snake-form, weakened, studying Ranged Weapons
A: constrict, boosted hp, large, high MP 1, forlorn, divine attributes
a: Begin Untransformation


You were on level 4 of the Snake Pit.
You were an enormous serpent.
You visited 4 branches of the dungeon, and saw 26 of its levels.
You also visited: Ossuary, Bailey and Volcano.

You collected 2421 gold pieces.
You spent 1829 gold pieces at shops.

Inventory:

Missiles
 H - 3 curare-tipped darts
 I - a throwing net
Armour
 a - a +2 ring mail of poison resistance (melded)
 c - a +1 robe of resistance
 B - a +0 pair of gloves (melded)
 E - a +0 pair of boots (melded)
 G - a +0 cloak (melded)
 P - a +1 kite shield of poison resistance
 T - a +2 helmet (melded)
 X - a +2 kite shield of protection
Jewellery
 k - a +6 ring of dexterity (left hand)
 l - a ring of resist corrosion
 r - a ring of flight
 z - the ring of the Augurer (right hand) {rC++ rN+ Will+ Str+6 Int-5}
   (You acquired it on level 9 of the Dungeon)

   [ring of strength]

   Str+6:     It affects your strength (+6).
   Int-5:     It affects your intelligence (-5).
   rC++:      It greatly protects you from cold.
   rN+:       It protects you from negative energy.
   Will+:     It increases your willpower.
 Q - an amulet of guardian spirit (around neck)
 R - a ring of willpower
Talismans
 i - a maw talisman
 w - a serpent talisman (active)
 S - a blade talisman
Wands
 o - a wand of polymorph (12)
 A - a wand of flame (15)
 C - a wand of warping (13) (quivered)
 J - a wand of mindburst (5)
 V - a wand of paralysis (14)
Scrolls
 d - 3 scrolls of blinking
 e - 6 scrolls of fog
 n - 3 scrolls of amnesia
 p - a scroll of fear
 s - 8 scrolls of immolation
 x - 7 scrolls of identify
 y - 7 scrolls of enchant armour
 D - 3 scrolls of poison
 M - 2 scrolls of brand weapon
 O - 3 scrolls of enchant weapon
 U - a scroll of revelation
 W - a scroll of silence
Potions
 b - 5 potions of lignification
 f - a potion of magic
 g - 10 potions of curing
 h - 8 potions of brilliance
 j - 6 potions of attraction
 m - 5 potions of mutation
 q - 3 potions of enlightenment
 t - 5 potions of heal wounds
 u - 3 potions of invisibility
 F - 5 potions of might
 K - 2 potions of haste
 L - 5 potions of cancellation
 N - a potion of ambrosia
Miscellaneous
 v - a tin of tremorstones (2/2)


   Skills:
 + Level 13.9 Fighting
 + Level 13.8 Dodging
 + Level 13.8 Unarmed Combat
 - Level 19.0 Shapeshifting


You had 8 spell levels left.
You knew the following spells:

 Your Spells              Type           Power      Damage    Failure   Level
q - Blink                 Tloc           0%         N/A       56%         2
w - Lesser Beckoning      Tloc           0%         N/A       56%         2
z - Manifold Assault      Tloc           0%         N/A       99%         4

Your spell library contained the following spells:

 Spells                   Type           Power      Damage    Failure   Level
 Freeze                   Ice            0%         1d3       43%         1
 Cigotuvi's Dreadful Rot  Necr/Alch/Air  0%         N/A       56%         2
 Momentum Strike          Conj/Tloc      0%         3d8       56%         2
 Scorch                   Fire           0%         2d5       56%         2
 Sublimation of Blood     Necr           0%         N/A       56%         2
 Call Canine Familiar     Summ           0%         N/A       80%         3
 Frozen Ramparts          Ice            0%         1d1       80%         3
 Hailstorm                Conj/Ice       0%         3d5       80%         3
 Inner Flame              Hex/Fire       0%         N/A       80%         3
 Ozocubu's Armour         Ice            0%         N/A       80%         3
 Sigil of Binding         Hex            0%         N/A       80%         3
 Volatile Blastmotes      Fire/Tloc      0%         2d10      80%         3
 Dimensional Bullseye     Hex/Tloc       0%         N/A       99%         4
 Flame Wave               Conj/Fire      0%         2d4       99%         4
 Fulminant Prism          Conj/Alch      0%         3d5       99%         4
 Iskenderun's Mystic Bla  Conj/Tloc      0%         2d3       99%         4
 Leda's Liquefaction      Alch/Erth      0%         N/A       99%         4
 Petrify                  Alch/Erth      0%         N/A       99%         4
 Irradiate                Conj/Alch      0%         3d11      100%        5
 Metabolic Englaciation   Hex/Ice        0%         N/A       100%        5
 Summon Forest            Summ/Tloc      0%         N/A       100%        5
 Summon Mana Viper        Hex/Summ       0%         N/A       100%        5
 Dispersal                Tloc           0%         N/A       100%        6
 Summon Cactus Giant      Summ           0%         N/A       100%        6
 Disjunction              Tloc           0%         N/A       100%        8
 Ignition                 Fire           0%         3d3       100%        8


Dungeon Overview and Level Annotations

Branches:
Dungeon (15/15) Zot: 24588  Temple (0/1) D:4            Lair (5/5) D:8 Zot: 21418
 Shoals (0/4) Lair:2        Snake (4/4) Lair:2 Zot: 14910   Slime (0/5) Lair:4
    Orc (2/2) D:11 Zot: 5233     Elf (0/3) Orc:2        Vaults (0/5) D:14
 Depths (0/4) D:15        Ossuary (visited)          Bailey (visited)
Volcano (visited)

Shops:
D:1 ?   D:2 [   D:13 :   Orc:2 !=(!   Snake:2 [


Innate Abilities, Weirdness & Mutations

You are an enormous serpent.
You have a powerful constriction melee attack.
Your maximum health is increased.
Your armour is entirely melded.
You are incapable of wielding weapons or throwing items.
You have an increased reservoir of magic. (+10% MP)
You shall have no god before yourself.
Your divine heritage dramatically boosts your attributes as you level up.


Message History

You take 18 HP, and have [102/181] HP; You lose 2MP, and have [15/20] MP You escape the naga warrior's grasp.
You feel very sick.
You take 3 HP, and have [99/181] HP You feel sick.
Things that are here:
a +0 glaive; a salamander corpse; You take 1 HP, and have [98/181] HP You feel sick.
The naga warrior spits poison at you. The splash of poison misses you.
Items here: ))) [ ÷÷÷.
You take 2 HP, and have [96/181] HP You feel sick.
Things that are here:
a +0 robe; a +2 mace of protection; an anaconda skeleton You feel sick.
Things that are here:
a +0 robe; a +0 dagger; a +0 scimitar; You take 1 HP, and have [95/181] HP You feel sick.
Things that are here:
a +0 short sword; a +0 robe; a naga corpse You feel sick.
The salamander tyrant rends the earth beneath you!
The blast of magma engulfs you!!
Things that are here:
a +0 robe; a +0 long sword; a +0 shortbow You take 23 HP, and have [72/181] HP; You lose 4MP, and have [12/20] MP You feel sick.
The salamander tyrant calls gouts of flame from the lava!
The flame surge hits you!!!
* * * LOW HITPOINT WARNING * * *
You take 38 HP, and have [34/181] HP !!!!!
HP Warning !!!!!
You lose 5MP, and have [7/20] MP
As you read the scroll of fog, it dissolves into smoke.
You feel sick.
You are no longer poisoned.
The salamander tyrant calls gouts of flame from the lava!
The flame surge hits you!!!
You die...

################
#..............#
#..............#
#..............####
#§..§..[.........[.
#####§§§§...).)......).
#.[)≈§S§)...÷..........
..
##N####§§§...).<...#####
#...##))[############..##
.......N....# #.##
.......)).N.# ###
............#
...#.....#..#
............#
..#.........#


You could see a salamander tyrant.

Vanquished Creatures
  Rupert (Lair:3)
  Mlioglotl (Snake:1)
  The ghost of squeakweiz the Warrior, an adept CoMo of Okawaru (Snake:2)
  Gastronok (D:9)
  An orc warlord (Orc:2)
  Nessos (Lair:4)
  Azrael (Snake:1)
  The ghost of korenl137 the Spry, a journeyman VSBr of Elyvilon (D:14)
  A quicksilver dragon zombie (D:15)
  A fire dragon (Lair:5)
  Harold (D:9)
  8 hydras
  2 salamander tyrants
  8 anacondas
  4 centaur warriors
  9 two-headed ogres
  3 boulder beetles
  A catoblepas (Lair:1)
  4 tengu warriors
  6 death yaks
  6 shock serpents
  A spectral salamander (Snake:2)
  A sun demon (Volcano)
  6 orc high priests
  A vampire mage (D:15)
  19 naga warriors
  8 naga sharpshooters
  A fire crab (Lair:5)
  2 skysharks (Lair:5)
  2 skeletal warriors (D:15)
  2 salamander mystics
  10 naga ritualists
  A spectral anaconda (Snake:2)
  12 mana vipers
  An obsidian statue (Volcano)
  A lindwurm (Lair:5)
  7 orc knights
  A deep elf zephyrmancer (D:14)
  2 necromancers
  8 orc sorcerers
  11 salamanders
  2 deep elf pyromancers
  An oklob plant (Lair:4)
  8 cyclopes
  2 manticores
  17 ugly things
  3 meliai (D:15)
  Maurice (D:7)
  20 naga magi
  A black mamba (shapeshifter) (D:14)
  6 kobold blastminers
  16 elephants
  39 black mambas
  3 molten gargoyles
  8 gargoyles (D:12)
  12 cane toads
  2 kobold demonologists
  An efreet (D:14)
  6 rime drakes
  2 unseen horrors (D:12)
  10 komodo dragons
  4 tengu conjurers
  2 freezing wraiths
  19 trolls
  A spectral guardian serpent (Snake:2)
  2 polar bears
  Grinder (D:4)
  A hornet (shapeshifter) (D:11)
  15 blink frogs
  5 dream sheep
  A centaur simulacrum (D:11)
  A spriggan zombie (D:15)
  A dream sheep (shapeshifter) (D:14)
  2 spectral black mambas (Snake:2)
  Sigmund (D:5)
  A spriggan skeleton (D:15)
  A spriggan (Lair:3)
  A shadow (D:10)
  4 fire bats
  38 yaks
  A mana viper simulacrum (Snake:2)
  2 wyverns
  6 wargs
  9 basilisks
  2 fire elementals (Snake:1)
  3 wraiths
  6 vampire mosquitoes
  3 steam dragons (Lair:5)
  39 nagas
  2 acid dragons
  14 water moccasins
  7 hell hounds
  A swamp drake (Lair:1)
  9 ice beasts
  2 sky beasts
  2 laughing skulls (D:14)
  2 spectral nagas (Snake:2)
  5 black bears (Lair:1)
  63 orc warriors
  A black mamba simulacrum (Snake:2)
  8 wolves
  16 ogres
  3 phantoms
  19 centaurs
  An elf zombie (Ossuary)
  A weeping skull (Ossuary)
  14 bullfrogs
  5 kobold brigands
  2 scorpions (D:5)
  A gnoll sergeant (D:10)
  10 wights
  3 killer bees (D:7)
  A vampire bat (D:9)
  An electric eel (Bailey)
  6 howler monkeys
  11 lava snakes
  4 bombardier beetles
  A centaur zombie (Ossuary)
  2 naga simulacra (Snake:2)
  5 hounds
  3 human zombies (Ossuary)
  A jelly (Lair:1)
  6 gnoll boudas
  32 orc priests
  A spectral scorpion (Ossuary)
  Ijyb (D:4)
  3 sleepcaps
  4 iguanas
  29 orc wizards
  2 hound zombies (Ossuary)
  3 mummies (Ossuary)
  4 adders
  25 gnolls
  2 shadow imps
  2 ufetubi (D:7)
  3 adder zombies (Ossuary)
  4 dart slugs
  4 ribbon worms
  127 orcs
  4 endoplasms
  4 giant cockroaches
  3 gnoll zombies (Ossuary)
  14 hobgoblins
  2 jackals (D:4)
  17 kobolds
  2 quokkas (D:4)
  10 ball pythons
  4 ball python zombies (Ossuary)
  10 bats
  A frilled lizard (Bailey)
  8 goblins
  5 jackal zombies (Ossuary)
  6 kobold zombies (Ossuary)
  6 rats
1065 creatures vanquished.

Vanquished Creatures (others)
  An orc (Orc:1)
1 creature vanquished.

Grand Total: 1066 creatures vanquished

Notes
Turn   | Place    | Note
-------+----------+-------------------------------------------
     0 | D:1      | UnknownHero the Demigod Shapeshifter began the quest for
                  | the Orb.
     0 | D:1      | Reached XP level 1. HP: 15/15 MP: 3/3
   154 | D:1      | Reached skill level 3 in Shapeshifting
   229 | D:1      | Reached XP level 2. HP: 13/22 MP: 4/4
   505 | D:1      | Found Qorinewk's Magic Scroll Shoppe.
   510 | D:1      | Bought a scroll of identify for 26 gold pieces
   510 | D:1      | Bought a scroll of identify for 26 gold pieces
   785 | D:1      | Bought a scroll of noise for 13 gold pieces
   855 | D:2      | Found Waav's Armour Shop.
   994 | D:1      | Reached XP level 3. HP: 21/27 MP: 5/5
  1352 | D:2      | Reached skill level 4 in Shapeshifting
  2118 | D:3      | Reached XP level 4. HP: 22/34 MP: 6/6
  2578 | D:4      | Reached skill level 5 in Shapeshifting
  2844 | D:4      | Reached XP level 5. HP: 28/39 MP: 7/7
  3035 | D:4      | Found a staircase to the Ecumenical Temple.
  3628 | D:4      | Reached skill level 6 in Shapeshifting
  3628 | D:4      | Reached XP level 6. HP: 20/46 MP: 8/8
  4085 | D:4      | Noticed Grinder
  4085 | D:4      | Paralysed by Grinder for 5 turns
  4087 | D:4      | Noticed Ijyb
  4108 | D:4      | Killed Grinder
  4109 | D:4      | Reached skill level 7 in Shapeshifting
  4109 | D:4      | Reached skill level 1 in Fighting
  4165 | D:4      | Killed Ijyb
  4166 | D:4      | Reached XP level 7. HP: 20/52 MP: 9/9
  4345 | D:5      | Entered Level 5 of the Dungeon
  4411 | D:5      | Found a sand-covered staircase.
  4437 | Ossuary  | Entered an ossuary
  5378 | D:5      | Noticed Sigmund
  5387 | D:5      | Killed Sigmund
  5388 | D:5      | Reached skill level 5 in Unarmed Combat
  5388 | D:5      | Reached XP level 8. HP: 63/67 MP: 10/10
  5619 | D:5      | Reached skill level 5 in Fighting
  6811 | D:7      | Reached XP level 9. HP: 67/78 MP: 11/11
  7348 | D:7      | Noticed Maurice
  7361 | D:7      | Killed Maurice
  7819 | D:7      | Noticed Maggie
  7821 | D:7      | Maggie changed into Maggie the centaur
  7821 | D:7      | Noticed Maggie
  7827 | D:7      | Killed Maggie the centaur
  8200 | D:7      | Reached skill level 8 in Shapeshifting
  8825 | D:8      | Noticed a rime drake
  8872 | D:7      | Reached XP level 10. HP: 88/88 MP: 13/13
  9731 | D:8      | Found a staircase to the Lair.
 10382 | D:8      | Reached skill level 9 in Shapeshifting
 11018 | D:9      | Noticed a sun demon
 11255 | D:9      | Found a flagged portal.
 11271 | Bailey   | Entered a bailey
 11937 | Bailey   | Acquired a manual of Shapeshifting
 12032 | Bailey   | Noticed an orc sorcerer
 12041 | Bailey   | Noticed a soul eater
 12086 | Bailey   | Paralysed by an orc sorcerer for 5 turns
 12095 | Bailey   | Killed an orc sorcerer
 12096 | Bailey   | Reached skill level 10 in Shapeshifting
 12096 | Bailey   | Reached XP level 11. HP: 60/97 MP: 14/14
 12316 | Bailey   | Identified the +1 lajatang "Sohures" {vamp, Fly rC+ Will-
                  | Str+2}
 12316 | Bailey   | Noticed an orc high priest
 12324 | Bailey   | Noticed a sixfirhy
 12327 | Bailey   | HP: 2/97 [orc high priest/divine providence (14)]
 12331 | Bailey   | Killed an orc high priest
 12706 | D:9      | Acquired the ring of the Augurer {rC++ rN+ Will+ Str+6
                  | Int-5}
 12829 | D:9      | Noticed Harold
 12836 | D:9      | Killed Harold
 12914 | D:9      | Noticed a two-headed ogre
 12925 | D:9      | Killed a two-headed ogre
 13046 | D:9      | Reached skill level 11 in Shapeshifting
 13490 | D:9      | Noticed Gastronok
 14229 | D:9      | Killed Gastronok
 14787 | D:10     | Entered Level 10 of the Dungeon
 14954 | D:10     | Identified the +0 chain mail "Luunocosoh" {Will+}
 15138 | D:10     | Noticed a six-headed hydra
 15311 | D:11     | Noticed a six-headed hydra
 15524 | D:11     | Found a staircase to the Orcish Mines.
 15539 | D:11     | Reached skill level 12 in Shapeshifting
 16422 | D:11     | Reached skill level 10 in Fighting
 16539 | D:11     | Killed a six-headed hydra
 16540 | D:11     | Reached skill level 10 in Unarmed Combat
 16899 | D:10     | Killed a six-headed hydra
 17063 | D:11     | Reached skill level 13 in Shapeshifting
 17204 | D:11     | Reached XP level 12. HP: 81/106 MP: 15/15
 17311 | Orc:1    | Entered Level 1 of the Orcish Mines
 17921 | Orc:1    | Reached skill level 5 in Dodging
 18227 | Orc:1    | Reached skill level 14 in Shapeshifting
 20020 | Orc:2    | Entered Level 2 of the Orcish Mines
 20496 | Orc:2    | HP: 5/106 [orc warrior/arrow (15)]
 20864 | Orc:2    | Found Nepsoerr's Distillery.
 21055 | Orc:2    | Bought a potion of curing for 42 gold pieces
 21055 | Orc:2    | Bought a potion of degeneration for 14 gold pieces
 21515 | Orc:2    | Found Devig's Jewellery Shoppe.
 22354 | Orc:2    | Reached XP level 13. HP: 114/114 MP: 16/16
 23151 | Orc:2    | Found a staircase to the Elven Halls.
 24176 | Orc:2    | Noticed an orc warlord
 24194 | Orc:2    | Killed an orc warlord
 24195 | Orc:2    | Reached skill level 10 in Dodging
 24423 | Orc:2    | Found Hihaarr's Antique Weapon Shop.
 25118 | Orc:2    | Found Gaghunym's Distillery.
 25375 | Orc:2    | Bought a maw talisman for 390 gold pieces
 25403 | Orc:2    | Bought a potion of invisibility for 112 gold pieces
 25403 | Orc:2    | Bought a potion of lignification for 42 gold pieces
 25403 | Orc:2    | Bought a potion of might for 56 gold pieces
 25403 | Orc:2    | Bought a potion of brilliance for 56 gold pieces
 25459 | Orc:2    | Bought a potion of brilliance for 52 gold pieces
 25459 | Orc:2    | Bought a potion of cancellation for 104 gold pieces
 25459 | Orc:2    | Bought a potion of heal wounds for 65 gold pieces
 25459 | Orc:2    | Bought a potion of haste for 130 gold pieces
 25459 | Orc:2    | Bought a potion of mutation for 104 gold pieces
 25459 | Orc:2    | Bought a potion of haste for 130 gold pieces
 25582 | Lair:1   | Entered Level 1 of the Lair of Beasts
 26916 | Lair:2   | Found a staircase to the Shoals.
 27025 | Lair:2   | Found a staircase to the Snake Pit.
 28080 | Lair:3   | Found the +10 zealot's sword {holy, Zealotry, *Rage rN+
                  | EV+3}
 28343 | Lair:3   | Noticed Rupert
 28748 | Lair:3   | Reached XP level 14. HP: 116/124 MP: 15/17
 29046 | Lair:3   | Killed Rupert
 30161 | Lair:4   | Noticed Nessos
 30221 | Lair:3   | Learned a level 2 spell: Blink
 30224 | Lair:3   | Learned a level 2 spell: Lesser Beckoning
 30303 | Lair:4   | Killed Nessos
 30304 | Lair:4   | Reached skill level 15 in Shapeshifting
 30638 | Lair:4   | Found a staircase to the Slime Pits.
 30714 | Lair:5   | Entered Level 5 of the Lair of Beasts
 30946 | Lair:5   | Found a dark tunnel.
 30952 | Volcano  | Entered a volcano
 32242 | Lair:5   | Reached skill level 16 in Shapeshifting
 33070 | Lair:5   | Found a large runed translucent door.
 33070 | Lair:5   | Found a large runed translucent door.
 34102 | Orc:2    | Bought 2 potions of might for 104 gold pieces
 34371 | D:1      | Bought a scroll of teleportation for 39 gold pieces
 34371 | D:1      | Bought a scroll of blinking for 97 gold pieces
 34371 | D:1      | Bought a scroll of blinking for 97 gold pieces
 34371 | D:1      | Bought a scroll of identify for 26 gold pieces
 34371 | D:1      | Bought a scroll of fog for 52 gold pieces
 34372 | D:1      | Bought a scroll of immolation for 52 gold pieces
 34591 | D:12     | Reached XP level 15. HP: 132/132 MP: 18/18
 34727 | D:12     | Identified the +0 helmet "Ohyw" {+Inv rC+ Str-3}
 34730 | D:12     | Identified the +3 ring mail of Pathos {rF- Str+5 SInv}
 34918 | D:12     | Got Quotidian Thaumaturgy
 35505 | D:13     | Found Xiasaoho's Book Shop.
 35964 | D:13     | Reached skill level 17 in Shapeshifting
 36964 | D:14     | Found a runed translucent door.
 37380 | D:14     | Found a gate to the Vaults.
 37715 | D:14     | Noticed korenl137's ghost (journeyman VSBr)
 37741 | D:14     | Killed korenl137's ghost
 37742 | D:14     | Reached skill level 18 in Shapeshifting
 37800 | D:15     | Entered Level 15 of the Dungeon
 38653 | D:15     | Found a staircase to the Depths.
 40293 | Snake:1  | Entered Level 1 of the Snake Pit
 41285 | Lair:2   | Learned a level 4 spell: Manifold Assault
 41291 | Lair:2   | Reached skill level 19 in Shapeshifting
 41584 | Snake:1  | Noticed Azrael
 41594 | Snake:1  | Killed Azrael
 41894 | Snake:1  | Reached XP level 16. HP: 102/139 MP: 13/19
 42049 | Snake:1  | Noticed Mlioglotl
 42194 | Snake:1  | Killed Mlioglotl
 44267 | Snake:2  | Found a runed translucent gate.
 44267 | Snake:2  | Found a runed translucent gate.
 44269 | Snake:2  | Found a runed translucent gate.
 44272 | Snake:2  | Noticed squeakweiz's ghost (adept CoMo)
 45057 | Snake:2  | Found Fytiump's Armour Shop.
 46173 | Snake:2  | Killed squeakweiz's ghost
 48587 | Snake:4  | Entered Level 4 of the Snake Pit
 49477 | Snake:4  | Reached XP level 17. HP: 126/151 MP: 15/20
 50349 | Snake:4  | Killed from afar by a salamander tyrant

Illustrated notes

Levels and vault maps discovered:
D:1:      eino_arrival_cavern_b, layout_loops_ring, serial_shops,
          nicolae_shop_rolling_square
D:2:      layout_basic, serial_shops, shop
D:3:      layout_rooms, serial_co_window_serial, co_window_paths_b,
          co_window_paths_a, co_window_paths_a, co_window_corner_a,
          co_window_paths_a, co_window_corner_b, co_window_corner_ca,
          co_window_corner_cb, co_window_4corner_b, co_window_4corner_a,
          glass_columns_c, glass_columns_a, glass_columns_a, glass_columns_b
D:4:      layout_loops_corners, temple_doors_e, uniq_grinder, uniq_ijyb
D:5:      layout_gridville, enter_ossuary_2, kennysheep_big_empty_room,
          uniq_sigmund
D:6:      layout_gridville
D:7:      layout_basic, kennysheep_generic_room_5, uniq_maggie, uniq_maurice
D:8:      kennysheep_seaside_town, layout_cave_pools, jmf_multi_god_temple,
          hellmonk_lair_entry_icy
D:9:      layout_basic, pdpol_wu_jian_five_deadly_venoms, enter_bailey_2,
          roderic_batcave, grunt_ministairs_12, uniq_harold, uniq_gastronok
D:10:     layout_cave_pools, chequers_temple_overflow_minitemple
D:11:     layout_roguey, david_orc_2, kb_rosetta
D:12:     gargoyle_guard, layout_basic, st_stairs_7, minivault_12
D:13:     layout_gridville, grunt_ministairs_12, minmay_misc_feat_four_crosses,
          nicolae_stop_n_shop_1, nicolae_vehumet_altar_sigil
D:14:     layout_rooms, david_vaults_1, ebering_ghost_reflecting_pool,
          nicolae_concentric_dashed_squares_wild, minmay_liquid_box
D:15:     gammafunk_depths_entry_grave, layout_irregular_city,
          good_gods_temple_1, nicolae_tso_swordbearing_angel
Lair:1:   layout_cave_pods, serial_bayou_pond_c, nicolae_quartered_pool_little,
          beast_lair_carwin_2
Lair:2:   layout_gridlike, elwin_shoals_entry_rocks, dummy_snake_entry
Lair:3:   wad_woods_04, layout_regular_city, uniq_rupert
Lair:4:   layout_hall_layers, slime_entry_1, grunt_megastairs_5, uniq_nessos
Lair:5:   cheibrodos_lair_end_hotspot, layout_small_grid, enter_volcano_1
Snake:1:  layout_misc_corridors, grunt_megastairs_2, serial_bayou_shore_b,
          uniq_azrael, uniq_mlioglotl
Snake:2:  nicolae_snake_hallway, layout_onion, serial_shops, shop,
          gammafunk_ghost_necromancy
Snake:3:  layout_rooms, nicolae_snake_snakes_in_the_grass
Snake:4:  snake_pit, layout_gridlike, nicolae_snake_storage_room
Orc:1:    layout_caves, hellmonk_guarded_unrand_dark_maul
Orc:2:    pubby_orc_utopia

Skill      XL: |  1  2  3  4  5  6  7  8  9 10 11 12 13 14 15 16 |
---------------+-------------------------------------------------+-----
Shapeshifting  | 3 4 5 6 7 8 10 13 14 16 19 | 19.0
Fighting       | 1 4 6 8 9 10 11 12 13 | 13.9
Unarmed Combat | 5 6 8 9 10 11 12 13 | 13.8
Dodging        | 4 9 11 12 13 | 13.8

Action                     |  1- 3 |  4- 6 |  7- 9 | 10-12 | 13-15 | 16-18 || total
---------------------------+-------+-------+-------+-------+-------+-------++-------
  Melee: Unarmed           |   140 |   160 |   523 |  1057 |  1468 |   503 ||  3851
         Punch             |     3 |     1 |     1 |     2 |   118 |    23 ||   148
         Maw               |       |       |       |       |   199 |       ||   199
         Constrict         |       |       |       |       |       |    69 ||    69
  Evoke: Wand              |       |       |    18 |    74 |    13 |     2 ||   107
    Use: Scroll            |     4 |       |     7 |    19 |    24 |     5 ||    59
         Potion            |       |     1 |     1 |    11 |    10 |     1 ||    24
   Stab: Sleeping          |     4 |     2 |     1 |     1 |     6 |       ||    14
         Paralysed         |       |       |    16 |       |       |       ||    16
         Distracted        |       |       |       |     1 |     2 |     2 ||     5
         Petrified         |       |       |       |       |     5 |       ||     5
         Invisible         |       |       |       |       |     2 |       ||     2
 Armour: Animal skin       |    69 |    72 |       |       |       |       ||   141
         Skin              |       |     9 |   251 |   461 |   254 |   184 ||  1159
         Robe              |       |       |       |       |   239 |       ||   239
         Ring mail         |       |       |       |       |    81 |   156 ||   237
  Dodge: Dodged            |    55 |    71 |   387 |   878 |  1471 |   593 ||  3455
  Block: Other             |       |       |       |   207 |    24 |       ||   231
         Reflection        |       |       |       |     9 |     1 |       ||    10
   Form: Flux              |       |     1 |       |       |       |       ||     1
         Blade             |       |       |       |       |     7 |     1 ||     8
         Maw               |       |       |       |       |     7 |       ||     7
         Serpent           |       |       |       |       |       |     2 ||     2

Table legend: (Time is in decaauts)
 A = Elapsed time spent in this place.
 B = Non-inter-level travel time spent in this place.
 C = Inter-level travel time spent in this place.
 D = Time resting spent in this place.
 E = Time spent auto-exploring this place.
 F = Levels seen in this place.
 G = Mean time per level.
                   A        B        C        D        E       F      G
               +--------+--------+--------+--------+--------+-----+--------+
         Total |  49816 |  46048 |   3768 |   7253 |  28140 |  29 | 1717.8 |
       Dungeon |  22882 |  20507 |   2375 |   3191 |  13215 |  15 | 1525.5 |
          Lair |   8581 |   7972 |    609 |   1292 |   4905 |   5 | 1716.2 |
     Snake Pit |   9088 |   8904 |    184 |    911 |   6037 |   4 | 2272.0 |
  Orcish Mines |   6766 |   6167 |    599 |   1265 |   2981 |   2 | 3383.0 |
       Ossuary |    615 |    615 |      0 |     33 |    336 |   1 |  615.0 |
        Bailey |   1429 |   1429 |      0 |    438 |    488 |   1 | 1429.0 |
       Volcano |    452 |    452 |      0 |    123 |    175 |   1 |  452.0 |
               +--------+--------+--------+--------+--------+-----+--------+

Top non-repeatable levels by time:
   Orc:2: 4361 daAuts
    D:11: 3320 daAuts
 Snake:2: 3145 daAuts
 Snake:1: 2783 daAuts
     D:7: 2724 daAuts
     D:9: 2553 daAuts
 Snake:3: 2410 daAuts
   Orc:1: 2405 daAuts
  Lair:5: 2337 daAuts
    D:15: 2200 daAuts
  Lair:2: 2091 daAuts
     D:4: 1720 daAuts
  Lair:3: 1713 daAuts
     D:8: 1707 daAuts
  Bailey: 1429 daAuts
